 Dungeon Crawl Stone Soup version 0.30.1-11-g7821555f0a (webtiles) character file.

Game seed: 7605977740098886906

512 Cheops the Frost Mage (level 7, 0/46 HPs)
             Began as a Merfolk Ice Elementalist on Nov 2, 2023.
             Slain by a manticore (6 damage)
             ... on level 7 of the Dungeon.
             The game lasted 00:11:28 (5163 turns).

Cheops the Frost Mage (Merfolk Ice Elementalist)    Turns: 5163, Time: 00:11:29

Health: 0/46       AC:  9    Str:  8    XL:     7   Next: 19%
Magic:  2/11       EV: 11    Int: 16    God:
Gold:   205        SH:  0    Dex: 21    Spells: 3/12 levels left

rFire   . . .        a - +0 spear
rCold   . . .        (no shield)
rNeg    . . .        k - +0 ring mail
rPois   .            (no helmet)
rElec   .            r - +0 cloak
rCorr   .            (no gloves)
SInv    .            (no boots)
Will    .....        (no amulet)
Stlth   ++           t - +6 ring of dexterity
HPRegen 0.27/turn    (no ring)
MPRegen 0.12/turn

%: no passive effects
@: ice-armoured, freezing walls
A: (nimble swimmer 2), mertail
a: no special abilities


You were on level 7 of the Dungeon.
You visited 1 branch of the dungeon, and saw 5 of its levels.

You collected 205 gold pieces.

Inventory:

Hand Weapons
 a - a +0 spear (weapon)
 b - a +1 dagger of freezing
 c - a +2 dagger of venom
Missiles
 q - a throwing net
Armour
 e - a +0 robe
 f - a +0 leather armour
 k - a +0 ring mail (worn)
 r - a +0 cloak (worn)
Jewellery
 l - an amulet of guardian spirit
 t - a +6 ring of dexterity (left hand)
Scrolls
 g - a scroll of enchant weapon {unknown}
 j - 2 scrolls of teleportation {unknown}
 m - a scroll of blinking {unknown}
 o - 2 scrolls of amnesia {unknown}
 s - 2 scrolls of identify {unknown}
 u - a scroll of noise {unknown}
 w - a scroll of magic mapping {unknown}
Potions
 d - a potion of lignification
 h - 2 potions of haste
 i - a potion of magic
 n - 2 potions of curing {unknown}
 p - a potion of degeneration {unknown}
 v - a potion of ambrosia {unknown}
 x - a potion of mutation {unknown}


   Skills:
 + Level 3.7 Polearms
 - Level 2.6 Dodging
 - Level 2.1 Stealth
 - Level 3.0 Spellcasting
 * Level 1.1 Hexes
 - Level 8.0 Ice Magic


You had 3 spell levels left.
You knew the following spells:

 Your Spells              Type           Power      Damage    Failure   Level
a - Freeze                Ice            100%       1d10      2%          1
h - Ensorcelled Hibernat  Hex/Ice        34%        N/A       13%         2
r - Frozen Ramparts       Ice            56%        1d9       6%          3
A - Ozocubu's Armour      Ice            28%        N/A       6%          3

Your spell library contained the following spells:

 Spells                   Type           Power      Damage    Failure   Level
 Slow                     Hex            24%        N/A       34%         1
 Blink                    Tloc           4%         N/A       65%         2
 Lesser Beckoning         Tloc           4%         N/A       65%         2
 Momentum Strike          Conj/Tloc      4%         3d8       65%         2
 Confusing Touch          Hex            6%         N/A       71%         3
 Spider Form              Tmut/Pois      2%         N/A       86%         3
 Vampiric Draining        Necr           2%         2d6       86%         3
 Vhi's Electric Charge    Tloc/Air       4%         N/A       86%         3
 Summon Ice Beast         Ice/Summ       15%        N/A       73%         4
 Anguish                  Hex/Necr       2%         N/A       99%         4
 Arcjolt                  Conj/Air       1%         1d11      100%        5
 Maxwell's Capacitive Co  Air            1%         ∞         100%        8


Dungeon Overview and Level Annotations

Branches:
Dungeon (4/15)
 Temple: D:4-7

Altars:
Cheibriados
Elyvilon
Gozag
Sif Muna
Trog
Uskayaw
Xom

Shops:
D:2 [


Innate Abilities, Weirdness & Mutations

((You are very nimble when in or above water. (Stealth+, EV+, Speed+++)))
Your lower body shifts to a powerful aquatic tail in water.


Message History

The wall freezes the manticore.
The manticore bites you. The manticore misses you.
The manticore claws you but does no damage.
Casting: Frozen Ramparts (dangerous; 6% risk of failure)
Confirm with . or Enter, or press ? or * to list all spells.
A film of ice covers your body!
The wall freezes the manticore!
The manticore barely misses you. x2; The manticore claws you.
Casting: Ozocubu's Armour (dangerous; 6% risk of failure)
Confirm with . or Enter, or press ? or * to list all spells.
Aiming: Freeze (safe; 2% risk of failure)
Press: ? - help, Shift-Dir - straight line, f - manticore
Aim: a manticore (lightly wounded)
You freeze the manticore!
The manticore is moderately wounded.
The wall freezes the manticore but does no damage.
The manticore bites you but does no damage.
The manticore closely misses you.
The manticore claws you but does no damage.
Casting: Freeze (safe; 2% risk of failure)
Confirm with . or Enter, or press ? or * to list all spells.
Aiming: Freeze (safe; 2% risk of failure)
Press: ? - help, Shift-Dir - straight line, f/p - manticore
Aim: a manticore (moderately wounded)
You freeze the manticore.
The manticore is heavily wounded.
The wall freezes the manticore but does no damage.
The manticore bites you! The manticore claws you!
* * * LOW HITPOINT WARNING * * *
The manticore closely misses you.
Casting: Freeze (safe; 2% risk of failure)
Confirm with . or Enter, or press ? or * to list all spells.
Aiming: Freeze (safe; 2% risk of failure)
Press: ? - help, Shift-Dir - straight line, f/p - manticore
Aim: a manticore (moderately wounded)
You freeze the manticore!
The manticore is heavily wounded.
The wall freezes the manticore.
The manticore bites you!
* * * LOW HITPOINT WARNING * * *
The manticore claws you.
You die...

########.#
#.# #.#
#.# ##.##
#...#
#.P.#
#...#
##@## #H#
#.# ...
._. #...#
##.## #.#


You could see a manticore.

Vanquished Creatures
  A black bear (D:7)
  2 scorpions (D:7)
  Crazy Yiuf (D:3)
  Natasha (thrice) (D:2)
  Terence (D:2)
  Robin (D:3)
  3 gnolls (D:2)
  4 adders
  2 worms
  3 dart slugs (D:3)
  5 orcs
  A ball python (D:3)
  5 endoplasms
  5 giant cockroaches
  13 goblins
  8 hobgoblins
  6 jackals
  7 kobolds
  2 quokkas
  3 bats (D:2)
  A frilled lizard (D:1)
  5 rats
82 creatures vanquished.

Vanquished Creatures (collateral kills)
  A hobgoblin (D:2)
1 creature vanquished.

Grand Total: 83 creatures vanquished

Notes
Turn   | Place    | Note
-------+----------+-------------------------------------------
     0 | D:1      | Cheops the Merfolk Ice Elementalist began the quest for the
                  | Orb.
     0 | D:1      | Reached XP level 1. HP: 13/13 MP: 3/3
   252 | D:1      | Reached XP level 2. HP: 15/19 MP: 3/5
   555 | D:1      | Found a faded altar of an unknown god.
  1148 | D:2      | Reached XP level 3. HP: 22/24 MP: 5/7
  1235 | D:2      | Noticed Terence
  1242 | D:1      | Learned a level 3 spell: Frozen Ramparts
  1246 | D:1      | Learned a level 3 spell: Ozocubu's Armour
  1416 | D:2      | Found Aracas's Antique Armour Boutique.
  1582 | D:2      | Reached skill level 5 in Ice Magic
  1769 | D:2      | Killed Terence
  1770 | D:2      | Reached XP level 4. HP: 30/30 MP: 1/8
  1898 | D:2      | Noticed Natasha
  1905 | D:2      | Killed Natasha
  1906 | D:2      | Reached skill level 6 in Ice Magic
  2034 | D:2      | Reached XP level 5. HP: 26/35 MP: 5/9
  2220 | D:2      | Noticed Natasha
  2227 | D:2      | Killed Natasha
  2429 | D:2      | Noticed Natasha
  2435 | D:2      | Killed Natasha
  2603 | D:2      | Found Aracas's Antique Armour Boutique.
  2995 | D:3      | Noticed a +0 hand axe
  2995 | D:3      | Noticed a +0 dagger
  2995 | D:3      | Noticed Robin
  2997 | D:3      | Found a hide-covered altar of Uskayaw.
  3008 | D:3      | Killed Robin
  3009 | D:3      | Reached skill level 7 in Ice Magic
  3082 | D:3      | Found a snail-covered altar of Cheibriados.
  3088 | D:3      | Reached skill level 1 in Polearms
  3294 | D:3      | Reached XP level 6. HP: 41/41 MP: 8/10
  3637 | D:3      | Learned a level 2 spell: Ensorcelled Hibernation
  3759 | D:3      | Found a shimmering blue altar of Sif Muna.
  3943 | D:3      | Found a runed translucent door.
  3944 | D:3      | Noticed Crazy Yiuf
  4115 | D:3      | Killed Crazy Yiuf
  4890 | D:4      | You fall into a shaft and drop 3 floors!
  4890 | D:7      | Found an opulent altar of Gozag.
  4890 | D:7      | Found a shimmering altar of Xom.
  4895 | D:7      | Noticed a black bear
  4900 | D:7      | Killed a black bear
  4981 | D:7      | Found a bloodstained altar of Trog.
  5017 | D:7      | Reached skill level 8 in Ice Magic
  5017 | D:7      | Reached XP level 7. HP: 45/46 MP: 4/11
  5027 | D:7      | Reached skill level 1 in Hexes
  5143 | D:7      | Noticed a komodo dragon
  5155 | D:7      | Found a white marble altar of Elyvilon.
  5155 | D:7      | Noticed a manticore
  5163 | D:7      | Slain by a manticore

Illustrated notes

Levels and vault maps discovered:
D:1:      kennysheep_arrival_forest, layout_basic,
          shapermc_ecumenical_altar_mp_vishouse, nicolae_kite_square_tiling_tiny
D:2:      layout_rooms, serial_shops, nicolae_shop_overgrown_old_shop,
          uniq_terence, uniq_natasha
D:3:      layout_loops_corners, dancing_weapons_uskayaw, kennysheep_slug_shrine,
          lemuel_blue_sif_altar, uniq_robin, uniq_crazy_yiuf_cottage
D:4:      layout_basic, uniq_edmund
D:7:      layout_loops_ring, jmf_multi_god_temple, elyvilon_altar_1,
          trog_three_pillars_becter, nicolae_dithmenos_shadow_blocks,
          minmay_starry_boxes

Skill      XL: |  1  2  3  4  5  6  7 |
---------------+----------------------+-----
Spellcasting   | 3 |  3.0
Ice Magic      | 5 6 7 8 |  8.0
Polearms       | 1 3 |  3.7
Hexes          | 1 |  1.1
Dodging        | |  2.6
Stealth        | |  2.1

Action                     |  1- 3 |  4- 6 |  7- 9 || total
---------------------------+-------+-------+-------++-------
  Melee: Falchion          |     1 |       |       ||     1
         Dagger            |    11 |       |       ||    11
         Spear             |       |    22 |       ||    22
         Punch             |       |     1 |       ||     1
   Cast: Freeze            |    50 |    58 |     4 ||   112
         Frozen Ramparts   |     1 |     8 |     2 ||    11
         Ozocubu's Armour  |       |     1 |     1 ||     2
    Use: Potion            |     1 |       |       ||     1
         Scroll            |       |     2 |       ||     2
 Armour: Robe              |    10 |     3 |       ||    13
         Skin              |     2 |       |       ||     2
         Ring mail         |       |    25 |     4 ||    29
  Dodge: Dodged            |    30 |    38 |     7 ||    75
